 Dungeon Crawl Stone Soup version 0.30.1-9-gdf580d7c3d (webtiles) character file.

Game seed: 8023909007262719106

3 KittyFluff the Trooper (level 1, -3/14 HPs)
             Began as a Gargoyle Berserker on Oct 18, 2023.
             Was a Follower of Trog.
             Slain by a kobold
             ... wielding a +0 whip
              (5 damage)
             ... on level 1 of the Dungeon.
             The game lasted 00:01:20 (192 turns).

KittyFluff the Trooper (Gargoyle Berserker)          Turns: 192, Time: 00:01:20

Health: -3/14      AC:  6    Str: 20    XL:     1   Next: 50%
Magic:  1/1        EV: 11    Int:  7    God:    Trog [*.....]
Gold:   38         SH:  0    Dex:  9    Spells: 0/0 levels left

rFire   . . .        a - +0 mace
rCold   . . .        (no shield)
rNeg    + . .        d - +0 leather armour
rPois   ∞            (no helmet)
rElec   +            (no cloak)
rCorr   .            (no gloves)
SInv    .            c - +0 pair of boots
Will    .....        (no amulet)
Stlth   +            (no ring)
HPRegen 0.22/turn    (no ring)
MPRegen 0.07/turn

%: no passive effects
@: no status effects
A: sickness immunity, AC +2, negative energy resistance 1, electricity
resistance, torment resistance 1, petrification resistance
a: Renounce Religion, Berserk


You were on level 1 of the Dungeon.
You worshipped Trog.
Trog was aware of your devotion.
You visited 1 branch of the dungeon, and saw 1 of its levels.

You collected 38 gold pieces.

Inventory:

Hand Weapons
 a - a +0 mace (weapon)
Armour
 c - a +0 pair of boots (worn)
 d - a +0 leather armour (worn)
Scrolls
 b - a scroll of teleportation {unknown}
Potions
 e - a potion of lignification {unknown}


   Skills:
 + Level 3.3 Fighting
 * Level 3.0 Maces & Flails
 * Level 2.3 Armour
 + Level 1.6 Dodging


You couldn't memorise any spells.
You didn't know any spells.
Your spell library was empty.

Dungeon Overview and Level Annotations

Branches:
Dungeon (1/15)

Altars:


Innate Abilities, Weirdness & Mutations

You are immune to sickness and miasma.
Your stone body is resilient. (AC +2)
You are immune to poison.
You resist negative energy. (rN+)
You are resistant to electric shocks. (rElec)
You are resistant to unholy torment.
You are immune to petrification.


Message History

A hobgoblin comes into view.
The kobold throws a stone.
The stone closely misses you.
The kobold throws a stone.
The stone barely misses you.
Found a book of Touch.
A kobold breaks down the door.
The hobgoblin hits you but does no damage.
You closely miss the hobgoblin. The hobgoblin barely misses you.
The kobold hits you with a +0 whip.
You barely miss the hobgoblin. The hobgoblin barely misses you.
The kobold hits you but does no damage.
A kobold comes into view. It is wielding a +0 short sword.
The hobgoblin hits you but does no damage.
You barely miss the hobgoblin. The kobold barely misses you.
The hobgoblin barely misses you.
You closely miss the hobgoblin. The kobold hits you with a +0 whip.
The hobgoblin hits you.
* * * LOW HITPOINT WARNING * * *
The kobold completely misses you.
You hit the kobold.
You kill the kobold!
Trog accepts your kill.
A kobold comes into view. It is wielding a +0 club.
The hobgoblin hits you.
* * * LOW HITPOINT WARNING * * *
The kobold barely misses you. The kobold attacks as you move away!
The kobold hits you with a +0 whip.
* * * LOW HITPOINT WARNING * * *
The hobgoblin misses you.
The kobold shouts!
There is a broken door here.
Things that are here:
a +0 short sword; 5 stones You closely miss the hobgoblin.
The kobold closely misses you. The hobgoblin completely misses you.
The kobold barely misses you. The kobold hits you but does no damage.
The hobgoblin hits you but does no damage.
You sock the hobgoblin!
You kill the hobgoblin!
Trog accepts your kill. The kobold hits you with a +0 whip.
You die...

#.####.###>#............... #.#
.....#.#.....†#........ #.#
#$#.#+#......#.~≈~~~.~ # #.#
#............#.~≈≈≈~.~ #####.#
##............#.~≈≈≈≈.~ ##....#
........#+#####.≈~~≈~.~
##†########?....#.# #.......~
##.............K#.####..~≈≈~...
....#######....†@.......~≈≈~.~~
###.# #....K#######. # ...
......... # .### ####..... # .#
##.###. .. .. : .# ### ## ..


You could see 2 kobolds.

Vanquished Creatures
  A hobgoblin (D:1)
  A kobold (D:1)
  2 ball pythons (D:1)
  A rat (D:1)
5 creatures vanquished.

Notes
Turn   | Place    | Note
-------+----------+-------------------------------------------
     0 | D:1      | KittyFluff the Gargoyle Berserker began the quest for the
                  | Orb.
     0 | D:1      | Reached XP level 1. HP: 14/14 MP: 1/1
   192 | D:1      | Slain by a kobold

Illustrated notes

Levels and vault maps discovered:
D:1:      sevenhm_arrival_forest_fort_large_4, layout_basic, serial_shops, shop,
          chequers_serial_rivers_micro_b, minivault_14

Action                     || total
---------------------------++-------
  Melee: Mace              ||    13
 Armour: Leather armour    ||     5
  Dodge: Dodged            ||    20
